[Event "Late-Titled-Tuesday-Blitz-January-30-2024"]
[Site "Chess.com"]
[Date "2024.01.30"]
[Round "5"]
[White "ninguno46"]
[Black "GMKrikor"]
[Result "0-1"]
[WhiteElo "2517"]
[BlackElo "2801"]
[TimeControl "180+1"]
[EndTime "14:56:44 PST"]
[Termination "GMKrikor won by resignation"]

1. c4 c5 2. Nf3 Nc6 3. Nc3 e5 4. e3 Nf6 5. d4 e4 6. Ne5 g6 7.
Be2 Bg7 8. O-O O-O 9. Nxc6 dxc6 10. dxc5 Qa5 11. Qc2 Qxc5 12. Nxe4 Nxe4 13. Qxe4 Bf5 14. Qh4 Rfe8 15. f3 a5 16. Kh1 Be6 17. Rb1 a4 18. Bd2 Rad8 19. Rfd1 Rxd2 20. Rxd2 Qxe3 21.
Rbd1 Bf5 22. Qe1 a3 23. bxa3 Bc3 24. h3 h5 25. Kh2 h4 26. Kh1 g5 27. Qg1 Bxd2 28.
Qxe3 Bxe3 29. Bd3 Bxd3 30. Rxd3 Bf4 31. g4 hxg3 32. Kg2 Re2+ 33. Kf1 Rf2+ 0-1

[Event "Late-Titled-Tuesday-Blitz-January-30-2024"]
[Site "Chess.com"]
[Date "2024.01.30"]
[Round "5"]
[White "crazy_but_lazy"]
[Black "penguingm1"]
[Result "0-1"]
[WhiteElo "2626"]
[BlackElo "2868"]
[TimeControl "180+1"]
[EndTime "14:56:45 PST"]
[Termination "penguingm1 won on time"]

1. e4 b5 2. Bxb5 f5 3. exf5 c6 4. Be2 d5 5. d4 Bxf5 6. Nf3 Nf6 7.
O-O e6 8. c4 Bd6 9. Nc3 O-O 10. Bg5 Nbd7 11. Bh4 Qe8 12. Re1 Bb4 13. cxd5 cxd5 14. Bg3 Ne4 15. Rc1 Nxc3 16. bxc3 Ba3 17. Rb1 Bxb1 18. Qxb1 Nf6 19. Qb3 Qe7 20. Bd3 Bd6 21.
Ne5 Qc7 22. c4 Rab8 23. Qd1 dxc4 24. Bxc4 Nd5 25. Bxd5 exd5 26. Qg4 Rbe8 27. h4 Qc2 28. Qd7 Qc7 29. Qg4 Re7 30. h5 h6 31. Qe2 Qc8 32. Qd2 Qf5 33. Rc1 Qxh5 34. Qa5 Bxe5 35. Bxe5 Qf7 36.
f4 Rb7 37. Qc5 Rb2 38. Qd6 Rb7 39. a4 Qd7 40. Qxd7 Rxd7 41. Rc5 Kf7 42. g4 Rh8 43. a5 h5 44. g5 Kg6 45. Rc6+ Kf5 46. Kf2 h4 47. Kg2 Kg4 48. a6 Rf8 49. Kh2 Rdf7 50.
Rc5 Rd8 51. Rc2 Re7 52. Rg2+ Kf5 53. Kh3 Re6 54. Kxh4 g6 55. Kg3 Rxa6 0-1

[Event "Late-Titled-Tuesday-Blitz-January-30-2024"]
[Site "Chess.com"]
[Date "2024.01.30"]
[Round "5"]
[White "Malev212"]
[Black "VladimirKramnik"]
[Result "0-1"]
[WhiteElo "2663"]
[BlackElo "2934"]
[TimeControl "180+1"]
[EndTime "14:56:47 PST"]
[Termination "VladimirKramnik won by resignation"]

1. e4 c5 2. Nf3 d6 3. Bb5+ Nd7 4. a4 Nf6 5. Nc3 g6 6. O-O Bg7 7. a5 O-O 8. a6 bxa6 9. Bxa6 Qb6 10. Qe2 Bxa6 11. Rxa6 Qb7 12. b3 Rfc8 13. Ra2 Ne8 14.
Na4 Nc7 15. d3 Ne6 16. Be3 Nd4 17. Qd1 Nxf3+ 18. Qxf3 Ne5 19. Qh3 Nc6 20. Rc1 Nb4 21.
Ra3 Rc6 22. Bd2 Ra6 23. Bxb4 cxb4 24. Ra2 Bd4 25. Qh6 Rc8 26. Re1 Rac6 27. Re2 Qb5 28.
h4 Qe5 29. Qg5 Qxg5 30. hxg5 Kg7 31. g3 f6 32. gxf6+ Kxf6 33. Kf1 h5 34. Ke1 g5 35. Kd1 h4 36. gxh4 gxh4 37. f4 h3 38. Rh2 Rh8 39.
Ke2 Bg1 40. Rh1 h2 41. Kd2 Rh4 42. f5 Rc8 43. Nb2 Rg8 44. Nc4 Bd4 45. Ke2 Rg1 0-1

[Event "Late-Titled-Tuesday-Blitz-January-30-2024"]
[Site "Chess.com"]
[Date "2024.01.30"]
[Round "5"]
[White "yaguigor"]
[Black "sari07"]
[Result "1-0"]
[WhiteElo "2623"]
[BlackElo "2406"]
[TimeControl "180+1"]
[EndTime "14:56:47 PST"]
[Termination "yaguigor won on time"]

1. Nf3 Nf6 2. c4 c6 3. Nc3 d5 4. e3 a6 5. b3 b5 6. Bb2 Bf5 7. Nh4 Bg4 8. f3 Bc8 9. f4 g6 10. Nf3 Bg7 11. Be2 O-O 12. O-O Bg4 13. Ne5 Bxe2 14. Qxe2 Nfd7 15. d4 Nxe5 16. fxe5 bxc4 17. bxc4 Nd7 18. cxd5 cxd5 19. e4 Nb6 20. exd5 Nxd5 21.
Ne4 a5 22. Rad1 a4 23. Ba3 Qb6 24. Bc5 Qa6 25. Qxa6 Rxa6 26. Rb1 Rc8 27. Rb7 Bh6 28.
Rfb1 Be3+ 29. Kf1 Rac6 30. Rb8 Bh6 31. Ke2 Nf4+ 32. Kf3 Ne6 33. Rxc8+ Rxc8 34. Rb7 Nxc5 35. Nxc5 f6 36. e6 Re8 37. Ra7 f5 38. Rxa4 Bg7 39. Rb4 g5 40. a4 Rd8 41. Ke3 f4+ 42. Ke4 Ra8 43. d5 1-0

[Event "Late-Titled-Tuesday-Blitz-January-30-2024"]
[Site "Chess.com"]
[Date "2024.01.30"]
[Round "5"]
[White "GianmarcoVaR"]
[Black "el008"]
[Result "1-0"]
[WhiteElo "2669"]
[BlackElo "2499"]
[TimeControl "180+1"]
[EndTime "14:56:48 PST"]
[Termination "GianmarcoVaR won by checkmate"]

1. d4 b6 2. e4 Bb7 3. Bd3 e6 4. Nf3 c5 5. c3 d6 6. O-O Nf6 7.
Re1 Be7 8. Nbd2 cxd4 9. cxd4 Nc6 10.
Nf1 O-O 11. Ng3 Nb4 12. Bb1 d5 13. e5 Ne4 14. a3 Nxg3 15. hxg3 Nc6 16. Qd3 g6 17. Bh6 Re8 18. Qe3 Na5 19. Bd3 Nc4 20.
Qf4 Qd7 21. Ng5 Bd8 22. Rab1 Rc8 23. Nf3 Na5 24. Nh2 f5 25. exf6 Bc7 26. Qg5 Qf7 27. Ng4 Nb3 28. Bg7 Qxg7 29. fxg7 Bd8 30. Qe5 h5 31. Nh6+ Kh7 32. Qxh5 Kxg7 33. Qxg6+ Kf8 34. Qf7# 1-0

[Event "Late-Titled-Tuesday-Blitz-January-30-2024"]
[Site "Chess.com"]
[Date "2024.01.30"]
[Round "5"]
[White "Ajedrecista3000"]
[Black "jup1978"]
[Result "1-0"]
[WhiteElo "2594"]
[BlackElo "2428"]
[TimeControl "180+1"]
[EndTime "14:56:48 PST"]
[Termination "Ajedrecista3000 won by resignation"]

1. Nf3 d5 2. e3 Nf6 3. c4 c6 4.
Nc3 a6 5. d4 Bf5 6. cxd5 cxd5 7. Ne5 Nbd7 8. Bd2 Nxe5 9. dxe5 Ne4 10. Nxe4 Bxe4 11. Rc1 e6 12. Qb3 Qd7 13. f3 Bg6 14. Bb4 Bxb4+ 15. Qxb4 Rc8 16. Rxc8+ Qxc8 17. Qc3 Kd7 18.
Kd2 Qxc3+ 19. bxc3 f6 20. exf6 gxf6 21. h4 h6 22. Be2 Rc8 23. Rh3 Rg8 24. Rh1 Bf7 25. Rb1 Kc7 26. g4 h5 27. Rb4 e5 28. Rb1 Rh8 29. g5 fxg5 30. hxg5 h4 31. f4 exf4 32.
exf4 Bg6 33. Bd3 Bxd3 34. Kxd3 Kd6 35. Ke3 h3 36. Kf3 h2 37. Rh1 Ke6 38. Kg4 b5 39.
f5+ Ke5 40. f6 Rc8 41. Rxh2 Rc4+ 42. Kh5 Rxc3 43. Re2+ Kd6 44. f7 Rc8 45. g6 1-0

[Event "Late-Titled-Tuesday-Blitz-January-30-2024"]
[Site "Chess.com"]
[Date "2024.01.30"]
[Round "5"]
[White "Orest_Vovk"]
[Black "Hirna2005"]
[Result "1-0"]
[WhiteElo "2504"]
[BlackElo "2276"]
[TimeControl "180+1"]
[EndTime "14:56:48 PST"]
[Termination "Orest_Vovk won by resignation"]

1. h4 d6 2. h5 e5 3. d4 Nc6 4. dxe5 Nxe5 5. Nf3 Nxf3+ 6. gxf3 Be6 7. Nc3 h6 8. Qd4 Nf6 9. Bf4 a6 10. e4 Nd7 11. O-O-O Qf6 12. Qd2 O-O-O 13. Be2 Kb8 14. Be3 Ne5 15. f4 Nc6 16. Nd5 Bxd5 17. exd5 Na7 18.
Bd4 Qe7 19. Rde1 Qd7 20. c4 Rg8 21. Bd3 Be7 22. Bxa7+ Kxa7 23. Qe3+ Kb8 24. Qxe7 Qa4 25. Kb1 b5 26. Qe4 Rge8 27. Qd4 Qb4 28. Qc3 Qc5 29.
cxb5 Qxd5 30. bxa6 c5 31. Qb3+ Qxb3 32. axb3 d5 33.
Rxe8 Rxe8 34. Kc2 Ka7 35. Kd2 Kb6 36. Re1 Rxe1 37. Kxe1 f6 38. Kd2 Ka7 39. Kc3 Kb6 40. Kd2 Ka7 41. Ke3 Kb6 42. Kf3 Ka7 43. Kg4 1-0

[Event "Late-Titled-Tuesday-Blitz-January-30-2024"]
[Site "Chess.com"]
[Date "2024.01.30"]
[Round "5"]
[White "koncheto"]
[Black "RebecaJimnz"]
[Result "1-0"]
[WhiteElo "2508"]
[BlackElo "2302"]
[TimeControl "180+1"]
[EndTime "14:56:50 PST"]
[Termination "koncheto won on time"]

1. e4 c5 2. Nf3 Nc6 3. d4 cxd4 4. Nxd4 g6 5. c4 Bg7 6. Be3 Nf6 7. Nc3 Ng4 8. Qxg4 Nxd4 9. Qd1 Ne6 10. Rc1 Qa5 11. Be2 b6 12. O-O g5 13. Qd2 Be5 14. g3 f6 15. f4 gxf4 16. gxf4 Bd6 17. Nb5 Bc5 18. Qd3 Bb7 19. Bh5+ Kd8 20. Rfd1 d6 21. Bxc5 Nxc5 22. Qc3 Rg8+ 23. Kf1 Nxe4 24. Qxa5 bxa5 25. c5 Ba6 26. Be2 Rb8 27. a4 Ke8 28. Nc7+ Kf7 29. Nxa6 Nxc5 30.
Nxc5 dxc5 31. Rxc5 Rxb2 32. Rc7 1-0

[Event "Late-Titled-Tuesday-Blitz-January-30-2024"]
[Site "Chess.com"]
[Date "2024.01.30"]
[Round "5"]
[White "venturov"]
[Black "Arlo2024"]
[Result "0-1"]
[WhiteElo "2449"]
[BlackElo "2280"]
[TimeControl "180+1"]
[EndTime "14:56:50 PST"]
[Termination "Arlo2024 won by checkmate"]

1. Nf3 Nf6 2. g3 c5 3. Bg2 Nc6 4. O-O g6 5. c4 Bg7 6. Nc3 O-O 7. d4 Nxd4 8. Nxd4 cxd4 9. Qxd4 d6 10. Qd2 Be6 11. b3 d5 12. cxd5 Nxd5 13. Bb2 Nxc3 14.
Bxc3 Qxd2 15. Bxd2 Bxa1 16. Rxa1 Rfd8 17. Be3 Bd5 18.
Bxd5 Rxd5 19. Rc1 Rd7 20. Rc4 b6 21. Kg2 Rb8 22. h4 f6 23. Kf3 Kf7 24. Ra4 Rbb7 25. Rc4 Rbc7 26. Ra4 e5 27. Ke4 Ke6 28. Kf3 f5 29.
Bh6 Rc3+ 30. Be3 Rc2 31. Bh6 Rc3+ 32. Be3 h6 33. Kg2 Rc2 34. Kf3 e4+ 35. Kg2 Rxe2 36.
Bxh6 Rc7 37. a3 Rcc2 38. Rxa7 Rxf2+ 39. Kg1 Rg2+ 40. Kf1 Rcf2+ 41. Ke1 Re2+ 42. Kf1 e3 43.
Bxe3 Rb2 44. Bxb6 Rxg3 45. Bf2 Rf3 46. Ra6+ Kf7 47. Ra7+ Kg8 48. b4 Rfxf2+ 49. Ke1 Rh2 50. Ra8+ Kg7 51. Ra7+ Kh6 52. Rd7 Rh1# 0-1

[Event "Late-Titled-Tuesday-Blitz-January-30-2024"]
[Site "Chess.com"]
[Date "2024.01.30"]
[Round "5"]
[White "GM4life"]
[Black "PapaieDudu"]
[Result "1/2-1/2"]
[WhiteElo "2557"]
[BlackElo "2400"]
[TimeControl "180+1"]
[EndTime "14:56:51 PST"]
[Termination "Game drawn by repetition"]

1. e4 c5 2. Nf3 d6 3. d4 cxd4 4.
Nxd4 Nf6 5. Nc3 a6 6. Be3 e6 7.
g4 h6 8. f3 b5 9. Qd2 Nbd7 10.
O-O-O Bb7 11. h4 Rc8 12. Kb1 Nb6 13. a3 Be7 14. Be2 d5 15. e5 Nfd7 16. f4 b4 17. axb4 Bxb4 18. Nb3 Na4 19. Bd4 Qc7 20. Rh3 Ndb6 21.
f5 Nxb2 22. Kxb2 Bxc3+ 23. Rxc3 Na4+ 24. Kc1 Nxc3 25. Bd3 Nxd1 26. Qxd1 Qe7 27. fxe6 O-O 28. g5 fxe6 29. gxh6 Qxh4 30. hxg7 Qh6+ 31. Kb2 Qxg7 32. Qh5 Rc7 33. Nc5 Bc8 34. Ka2 Rcf7 35. Nb3 Rc7 36. Nc5 Qf7 37. Qh6 Qg7 38. Qh5 1/2-1/2

[Event "Late-Titled-Tuesday-Blitz-January-30-2024"]
[Site "Chess.com"]
[Date "2024.01.30"]
[Round "5"]
[White "SantoBlue"]
[Black "manitodeplomo"]
[Result "1-0"]
[WhiteElo "2974"]
[BlackElo "2687"]
[TimeControl "180+1"]
[EndTime "14:56:52 PST"]
[Termination "SantoBlue won on time"]

1. e4 c5 2. Nf3 e6 3. Nc3 a6 4. g3 b5 5. Bg2 Bb7 6. d4 cxd4 7. Nxd4 Ne7 8. O-O Nec6 9. Nb3 d6 10.
Re1 Nd7 11. a4 b4 12. Ne2 Be7 13. Ned4 O-O 14. Nxc6 Bxc6 15. Nd4 Bb7 16. b3 Rc8 17. Bb2 Qb6 18. a5 Qc5 19. Qd2 Rb8 20. h4 Rfc8 21. Bh3 Nf6 22. Bg2 Ba8 23. Kh1 Ng4 24. Re2 Bf6 25. f3 Ne5 26. f4 Nc6 27. Nxc6 Bxb2 28. Nxb8 Bxa1 29. Nd7 Qc7 30. Nb6 Bc3 31. Qd3 Bb7 32. Nxc8 Bxc8 33. Kh2 g6 34. Rf2 Qc5 35.
Rf1 Kf8 36. Rd1 Ke7 37. Qe2 Qxa5 38. f5 Be5 39. fxe6 fxe6 40. Rf1 Qc5 41. Qf3 1-0

[Event "Late-Titled-Tuesday-Blitz-January-30-2024"]
[Site "Chess.com"]
[Date "2024.01.30"]
[Round "5"]
[White "ozates"]
[Black "WPWPWP-2015"]
[Result "1-0"]
[WhiteElo "2636"]
[BlackElo "2481"]
[TimeControl "180+1"]
[EndTime "14:56:53 PST"]
[Termination "ozates won by resignation"]

1. e4 e5 2. Nf3 Nf6 3. d4 Nxe4 4. Bd3 d5 5. Nxe5 Nd7 6. Nc3 Nxc3 7. bxc3 Nxe5 8. dxe5 Be7 9. Qh5 g6 10. Qh6 Bf8 11.
Qe3 Bg7 12. Ba3 Bf8 13. Bxf8 Kxf8 14. Qh6+ Kg8 15. O-O Qf8 16. Qe3 Be6 17. f4 b6 18.
Kh1 f5 19. exf6 Qxf6 20. f5 Bxf5 21. Bxf5 gxf5 22. Rae1 Rf8 23. Qg3+ Qg7 24. Qf3 c6 25. Re6 Rf6 26. Rxc6 Rxc6 27. Qxd5+ Qf7 28. Qxc6 Kg7 29. Rf3 Re8 30. h3 Re6 31. Rg3+ Rg6 32. Qf3 f4 33. Rg4 Rxg4 34. Qxg4+ Kf8 35. a4 h5 36. Qg5 Ke8 37.
Qe5+ Kd7 38. Kg1 Kc6 39. Kf2 Qc4 40. Qd4 Qf7 41. Kf3 Qe6 42. Qe4+ Kd6 43. Qxe6+ Kxe6 44. Kxf4 Kd5 45. g4 hxg4 46. hxg4 Ke6 47. g5 a5 48. c4 Ke7 49. Ke5 Kf7 50. Kd6 Kg6 51. Kc6 Kxg5 52. Kxb6 Kf5 53. c5 Ke6 54. c6 Kd6 55. c7 Kd7 56. Kb7 Kd6 57. c8=Q Kd5 58. Qc3 1-0

[Event "Late-Titled-Tuesday-Blitz-January-30-2024"]
[Site "Chess.com"]
[Date "2024.01.30"]
[Round "5"]
[White "mishanick"]
[Black "SchmakAttack"]
[Result "1-0"]
[WhiteElo "3130"]
[BlackElo "2745"]
[TimeControl "180+1"]
[EndTime "14:56:54 PST"]
[Termination "mishanick won on time"]

1. d4 Nf6 2. c4 g6 3. Nc3 Bg7 4. e4 d6 5. Bd3 O-O 6. Nge2 Nc6 7.
O-O Nd7 8. Bc2 e5 9. d5 Nd4 10. Nxd4 exd4 11. Ne2 Nc5 12. Nxd4 Re8 13. Re1 f5 14. f3 fxe4 15. fxe4 Bg4 16. Qxg4 Bxd4+ 17. Kh1 Qf6 18. Bg5 Qg7 19. Rab1 Bxb2 20. Qh4 Be5 21.
Rf1 Qd7 22. Bh6 Bg7 23. Be3 b6 24. Rf3 Qe7 25. Bg5 Qd7 26. Rbf1 Rf8 27. Be7 Rxf3 28.
gxf3 h6 29. Rg1 Re8 30. Bf6 g5 31. Bxg5 hxg5 32. Rxg5 Qf7 33. Qg4 Nd7 34. f4 Nf6 35. Qg2 Nh7 36. Rf5 Qe7 37. e5 Nf8 38. e6 Qh4 39. h3 Re7 40. Rg5 Nh7 41. Rg4 Qe1+ 42. Kh2 Nf6 43. Rg6 Nh5 44. f5 Nf4 45. f6 Nxg2 46. fxe7 Qe5+ 47. Rg3 1-0

[Event "Late-Titled-Tuesday-Blitz-January-30-2024"]
[Site "Chess.com"]
[Date "2024.01.30"]
[Round "5"]
[White "h4parah5"]
[Black "karinachess1"]
[Result "1-0"]
[WhiteElo "2905"]
[BlackElo "2619"]
[TimeControl "180+1"]
[EndTime "14:56:54 PST"]
[Termination "h4parah5 won by resignation"]

1. Nf3 Nf6 2. b3 g6 3. Bb2 Bg7 4. g3 d6 5. Bg2 e5 6. c4 O-O 7.
O-O c6 8. Nc3 h6 9. h3 Be6 10.
e4 c5 11. d3 Nc6 12. Ne1 Nh5 13. Nc2 Kh7 14. Kh2 Nd4 15. Ne3 b6 16. Ne2 Qe7 17. Nxd4 cxd4 18. Nf5 Qd7 19. Nxg7 Nxg7 20. f4 Rae8 21. fxe5 dxe5 22. Ba3 Rg8 23. Rf6 Nh5 24. Rf2 Qd8 25. Qd2 Qg5 26. Qxg5 hxg5 27. Raf1 Kg7 28. Bd6 f6 29. Bf3 Rh8 30. Kg2 Rd8 31. c5 bxc5 32. Bxc5 Rc8 33. b4 a5 34. a3 axb4 35. axb4 Rc7 36.
Bg4 Rc6 37. Ra1 Kh6 38. Ra7 Bxg4 39. hxg4 Ng7 40. Rf1 Kh7 41. Rh1+ Kg8 42. Ra8+ Kf7 1-0

[Event "Late-Titled-Tuesday-Blitz-January-30-2024"]
[Site "Chess.com"]
[Date "2024.01.30"]
[Round "5"]
[White "malakismayil"]
[Black "cthulhuuu"]
[Result "0-1"]
[WhiteElo "2545"]
[BlackElo "2403"]
[TimeControl "180+1"]
[EndTime "14:56:54 PST"]
[Termination "cthulhuuu won on time"]

1. e4 d6 2. d4 Nf6 3. Nc3 c6 4.
Be3 b5 5. f3 e5 6. Qd2 Be7 7. Rd1 O-O 8. g4 b4 9. Nce2 Bxg4 10.
dxe5 Nxe4 11. fxe4 Bh4+ 12. Bf2 Bxf2+ 13. Kxf2 Qh4+ 14.
Kg2 f5 15. Qe1 Qg5 16. h4 Bf3+ 17. Kh2 Qh5 18. Ng3 Qxh4+ 19. Nh3 Bxd1 20. Qxd1 fxe4 21. Qxd6 Rf3 22. Qe6+ Kf8 23. Rg1 Na6 24. Bc4 Re8 25. Qg8+ Ke7 26. Qxg7+ Kd8 27. Rd1+ Kc8 28. Qd7+ Kb8 29.
Qxe8+ Kb7 30. Qd7+ Nc7 0-1

[Event "Late-Titled-Tuesday-Blitz-January-30-2024"]
[Site "Chess.com"]
[Date "2024.01.30"]
[Round "5"]
[White "yujiarun18"]
[Black "IngOscarArdila"]
[Result "0-1"]
[WhiteElo "2085"]
[BlackElo "2317"]
[TimeControl "180+1"]
[EndTime "14:56:54 PST"]
[Termination "IngOscarArdila won by resignation"]

1. e4 e5 2. Nf3 Nf6 3. Nxe5 d6 4. Nf3 Nxe4 5. d4 Be7 6. Bd3 d5 7. O-O Nc6 8. Nc3 Nxc3 9. bxc3 O-O 10. c4 dxc4 11.
Bxc4 Bf6 12. c3 Bg4 13. Qd3 Qd7 14. h3 Bf5 15. Qd1 Rfe8 16. Be3 Rad8 17. Bd3 h6 18. Qc2 Bxd3 19. Qxd3 Na5 20. Nd2 c5 21. Ne4 Be7 22.
Qc2 cxd4 23. Bxd4 Nc6 24. Be3 Qe6 25. Rfe1 Qc4 26. Ng3 Bf6 27. Bd2 Nb4 28. Qb2 Rxe1+ 29. Bxe1 Nd3 30. Qxb7 Nxe1 31. Rxe1 Qxc3 32. Rf1 Qa5 33.
Ne4 Be5 34. Kh1 Qxa2 35. f4 Qc4 36. Qb1 Bd4 37. Ng3 Bb6 38. Nf5 Qc3 39. Qe4 Qd3 40. Qe5 Qxf1+ 41. Kh2 f6 42. Ne7+ Kf7 43. Qe3 Bxe3 0-1

[Event "Late-Titled-Tuesday-Blitz-January-30-2024"]
[Site "Chess.com"]
[Date "2024.01.30"]
[Round "5"]
[White "pavet"]
[Black "vesalhamedinia"]
[Result "1-0"]
[WhiteElo "2780"]
[BlackElo "2479"]
[TimeControl "180+1"]
[EndTime "14:56:55 PST"]
[Termination "pavet won by resignation"]

1. e4 c5 2. Nf3 Nc6 3. d4 cxd4 4. Nxd4 Nf6 5. Nc3 e5 6. Ndb5 d6 7. Nd5 Nxd5 8. exd5 Nb8 9. c4 a6 10. Nc3 Be7 11. Be3 O-O 12. Be2 f5 13. f3 Nd7 14.
O-O Qc7 15. Rc1 b6 16. b4 Rf6 17. Qd2 Rg6 18. Bd3 Nf6 19. Na4 Rb8 20. Qf2 e4 21.
Be2 Bd8 22. Kh1 Bd7 23. Nc3 exf3 24. gxf3 f4 25. Bxf4 Nh5 26. Be3 Bh3 27. Rg1 Qf7 28.
Ne4 Nf4 29. Rxg6 hxg6 30. Nxd6 Qf8 31. Ne4 Bg2+ 32. Qxg2 Nxg2 33. Kxg2 Qxb4 34. d6 Qb2 35. Kf1 Qxa2 36. c5 bxc5 37. Bc4+ Qxc4+ 38. Rxc4 Rb1+ 39. Ke2 Rb2+ 40. Kd3 Rxh2 41. Rxc5 Kf7 42. Rc8 Bh4 43. d7 Ra2 44. Ng5+ Bxg5 45. Bxg5 Ra3+ 46. Ke2 1-0

[Event "Late-Titled-Tuesday-Blitz-January-30-2024"]
[Site "Chess.com"]
[Date "2024.01.30"]
[Round "5"]
[White "brm72"]
[Black "iamanoush"]
[Result "1-0"]
[WhiteElo "2692"]
[BlackElo "2487"]
[TimeControl "180+1"]
[EndTime "14:56:56 PST"]
[Termination "brm72 won by resignation"]

1. e4 c6 2. d4 d5 3. e5 Bf5 4. Nf3 e6 5. Be2 a5 6. a4 Nd7 7. O-O f6 8. Bf4 g5 9. Bg3 h5 10. h4 g4 11. Nfd2 fxe5 12. dxe5 Bg7 13. c4 Bxe5 14.
cxd5 Bxg3 15. fxg3 Qb6+ 16. Kh2 Qxb2 17. dxe6 Bxe6 18. Na3 Qd4 19. Qc2 Ne7 20. Rf4 Qxa1 21. Nac4 Qg7 22. Nd6+ Kd8 23. Nxb7+ Kc7 24. Nc5 Bd5 25.
Ndb3 Rhf8 26. Rxf8 Rxf8 27. Bd3 Qf6 28. Qd2 Qf2 29. Qxa5+ Kd6 30. Nb7+ Ke6 31. N3c5+ Nxc5 32. Nxc5+ Kf7 33. Be4 Bxe4 34. Nxe4 Qd4 35. Qxh5+ Ng6 36.
Ng5+ Ke8 37. Qxg6+ Kd8 38. Ne6+ 1-0

[Event "Late-Titled-Tuesday-Blitz-January-30-2024"]
[Site "Chess.com"]
[Date "2024.01.30"]
[Round "5"]
[White "Burgsvik"]
[Black "LastHeroJr"]
[Result "0-1"]
[WhiteElo "2278"]
[BlackElo "2489"]
[TimeControl "180+1"]
[EndTime "14:56:57 PST"]
[Termination "LastHeroJr won by checkmate"]

1. e4 d6 2. Nc3 g6 3. h4 h5 4. Be2 Bg7 5. f4 c5 6. d3 Nc6 7. Nf3 Bg4 8. Be3 Nf6 9. Qd2 Rb8 10. e5 dxe5 11. Nxe5 Nxe5 12. fxe5 Nd5 13. Bxg4 hxg4 14. Bxc5 Bxe5 15. Ne4 Qc7 16. d4 Bf4 17. Qe2 b6 18. Ba3 Ne3 19. c3 Bg3+ 20. Nxg3 Qxg3+ 21. Kd2 Nf5 22. Rhe1 O-O 23. Qe4 Rfd8 24. Kc2 Rbc8 25.
Kb3 a5 26. Bxe7 Re8 27. Qb7 Rc7 28. Qxb6 Rcxe7 29. Ka3 Qd3 30. Qc5 Rxe1 31. Rxe1 Rxe1 32. Qc8+ Kg7 33. Qd8 Re3 34. Qg5 Qe4 35. h5 Qe7+ 36.
Qxe7 Nxe7 37. Ka4 Re2 38. hxg6 Rxg2 39. Kxa5 Rxb2 40. c4 g3 41. d5 g2 42. d6 Nc6+ 43. Ka6 g1=Q 44. c5 Qe1 45. d7 Qa5# 0-1

[Event "Late-Titled-Tuesday-Blitz-January-30-2024"]
[Site "Chess.com"]
[Date "2024.01.30"]
[Round "5"]
[White "jaskol95"]
[Black "LittleChessFan"]
[Result "0-1"]
[WhiteElo "2526"]
[BlackElo "2295"]
[TimeControl "180+1"]
[EndTime "14:56:58 PST"]
[Termination "LittleChessFan won by checkmate"]

1. e4 c5 2. Nf3 e6 3. b4 cxb4 4. d4 d5 5. e5 Nc6 6. a3 Qa5 7. Bd3 bxa3+ 8. Bd2 Qb6 9. Nxa3 Nxd4 10. Nxd4 Qxd4 11.
O-O Qxe5 12. Re1 Qb8 13. Bc3 Nf6 14. Nb5 Bd6 15. Qf3 Bxh2+ 16. Kh1 Bd6 17. Bxf6 gxf6 18. Qxd5 Ke7 19. Rad1 a6 20. Nxd6 Qxd6 21. Qh5 Qc7 22. Re3 Bd7 23. Qh6 Bc6 24. Rde1 Rag8 25. f3 Rg5 26. Bc4 Rhg8 27. Bxe6 fxe6 28. Rxe6+ Kd8 29.
Qxf6+ Kc8 30. Re7 Qg3 31. Qe6+ Kb8 32. Re2 Rh5+ 33. Kg1 Qh2+ 34. Kf1 Qh1+ 35. Kf2 Qxg2+ 36. Ke3 Qxf3+ 37. Kd4 Rd8+ 38. Kc4 Bd5+ 39. Kb4 Bxe6 40. R2xe6 Rb5+ 41. Ka4 Rd4+ 42. c4 Rxc4# 0-1

[Event "Late-Titled-Tuesday-Blitz-January-30-2024"]
[Site "Chess.com"]
[Date "2024.01.30"]
[Round "5"]
[White "RCone"]
[Black "tgpgoat"]
[Result "1-0"]
[WhiteElo "2323"]
[BlackElo "2507"]
[TimeControl "180+1"]
[EndTime "14:56:58 PST"]
[Termination "RCone won on time"]

1. e4 c5 2. Nc3 Nc6 3. Bb5 Nd4 4. Nf3 e6 5. O-O a6 6. Bd3 Nf6 7. Nxd4 cxd4 8. Ne2 Bc5 9. c3 Qb6 10. b4 Be7 11. Nxd4 O-O 12. Bb2 Qc7 13. Qe2 b5 14. a4 bxa4 15. Rxa4 a5 16. Rfa1 Bb7 17. Rxa5 Rxa5 18. bxa5 Bc5 19. a6 Ba8 20. Nb5 Qf4 21. Ba3 Ng4 22. g3 Bxf2+ 23. Kg2 Qg5 24. Bxf8 d5 25.
Nc7 dxe4 26. Bxe4 Qh5 27. h3 Qe5 28. Qxg4 Bxe4+ 29. Kxf2 Bg6 30. a7 h5 31. Qe2 Qf6+ 32.
Qf3 Qg5 33. Qf4 Qd8 34. a8=Q Qd7 35. Bd6+ Kh7 36. Be5 f6 37. Bxf6 Qd3 38. Bxg7 1-0

[Event "Late-Titled-Tuesday-Blitz-January-30-2024"]
[Site "Chess.com"]
[Date "2024.01.30"]
[Round "5"]
[White "icychess54"]
[Black "The_Straightforward_Rook"]
[Result "0-1"]
[WhiteElo "2235"]
[BlackElo "2422"]
[TimeControl "180+1"]
[EndTime "14:56:59 PST"]
[Termination "The_Straightforward_Rook won on time"]

1. c4 c6 2. Nf3 d5 3. e3 Nf6 4.
Nc3 Nbd7 5. Be2 e5 6. O-O Bd6 7. b3 O-O 8. Bb2 Re8 9. a4 Nf8 10. a5 a6 11. Na4 Bg4 12. c5 Bc7 13. Nb6 Rb8 14. Ra4 Qe7 15. b4 Ng6 16. h3 Bxf3 17. Bxf3 h6 18. Bg4 Rbd8 19. Ra1 e4 20. f4 exf3 21. Qxf3 Ne5 22. Qf5 Nfxg4 23. hxg4 f6 24. Bd4 Qe6 25. Rf2 Nxg4 26. Rf3 Qxf5 27. Rxf5 Be5 28.
Bxe5 Rxe5 29. Rf3 Re4 30. d4 Rxe3 31. Rxe3 Nxe3 32. Re1 Nf5 33. Na4 Nxd4 34. Re7 Nb5 35. Rxb7 d4 36. Nb2 d3 37. Rb6 d2 38. Nd1 Rd4 39.
Rxa6 Rxb4 0-1

[Event "Late-Titled-Tuesday-Blitz-January-30-2024"]
[Site "Chess.com"]
[Date "2024.01.30"]
[Round "5"]
[White "ChessSwole"]
[Black "sansanathalia"]
[Result "1-0"]
[WhiteElo "2583"]
[BlackElo "2403"]
[TimeControl "180+1"]
[EndTime "14:57:00 PST"]
[Termination "ChessSwole won on time"]

1. e4 c5 2. Nf3 d6 3. d4 cxd4 4. Nxd4 Nf6 5. Nc3 a6 6. Be2 e5 7. Nb3 Be7 8. O-O O-O 9. Re1 Be6 10. Bf3 Nbd7 11. a4 Nc5 12. Nxc5 dxc5 13. a5 Qxd1 14. Rxd1 Rfd8 15. Bg5 h6 16. Be3 Kf8 17. Na4 Nd7 18. h3 g5 19. Bg4 Bxg4 20. hxg4 c4 21. f3 Rac8 22. Rd5 Nf6 23. Rxe5 Bd6 24. Rf5 Ng8 25. Bb6 Rd7 26. Rd5 Ne7 27. Rd4 Nc6 28. Rxd6 Rxd6 29. Bc5 Rd8 30. Rd1 Ke7 31. Nb6 Ke6 32. Bxd6 Rxd6 33. Rxd6+ Kxd6 34. Nxc4+ Kc5 35. b3 Nd4 36.
Ne5 f6 37. Nd7+ Kd6 38. Nxf6 Nxc2 39. Nd5 Nd4 40. b4 Kc6 41. Kf2 Kb5 42. Ke3 Nc6 43.
f4 gxf4+ 44. Kxf4 Kc4 45. g5 hxg5+ 46. Kxg5 Kd4 47. Kf4 Ne5 48. g4 Nd3+ 49. Kf5 Ne5 50. g5 Nf7 51. g6 Nd6+ 52. Kf4 Ne8 53. Ne7 Nf6 54. g7 1-0

[Event "Late-Titled-Tuesday-Blitz-January-30-2024"]
[Site "Chess.com"]
[Date "2024.01.30"]
[Round "5"]
[White "Tomytoteph"]
[Black "tptagain"]
[Result "0-1"]
[WhiteElo "2621"]
[BlackElo "2909"]
[TimeControl "180+1"]
[EndTime "14:57:03 PST"]
[Termination "tptagain won by resignation"]

1. e4 c6 2. d4 d5 3. Nd2 dxe4 4.
Nxe4 Nf6 5. Nxf6+ exf6 6. Nf3 Bd6 7. Be3 O-O 8. Qd2 Re8 9. O-O-O Na6 10. Kb1 Nb4 11. a3 a5 12. Bf4 Bxf4 13. Qxf4 Nd5 14. Qd2 b5 15. Bd3 b4 16. a4 Nb6 17. b3 Nd5 18.
Rde1 Bg4 19. Nh4 g6 20. h3 Nc3+ 21. Kc1 Qxd4 22. hxg4 Nxa4 23. Kd1 Nc3+ 24. Kc1 Ne4 25. c3 bxc3 26. Qc2 Nc5 27. Bc4 a4 28. Rxe8+ Rxe8 29.
Nf3 Qf4+ 30. Kb1 Qxg4 31. Qxc3 Nxb3 32. Bxb3 axb3 33. g3 Qe4+ 34. Kb2 Qe2+ 35. Nd2 Rd8 36. Kc1 Qxf2 37. Rf1 Qe2 38. Rxf6 Qe1+ 39. Kb2 Qxd2+ 40. Qxd2 Rxd2+ 41. Kxb3 Rd3+ 0-1